 Dungeon Crawl Stone Soup version 0.26.0-20-g3ca415f5b8 (webtiles) character file.

Game seed: 11199168543306130228

1731 teolandon225 the Covert (level 8, -3/36 HPs)
             Began as a Spriggan Enchanter on Jan 25, 2021.
             Was an Initiate of Dithmenos.
             Shot with an arrow by a centaur (12 damage)
             ... on level 6 of the Dungeon.
             The game lasted 00:19:38 (10787 turns).

teolandon225 the Covert (Spriggan Enchanter)       Turns: 10787, Time: 00:19:39

Health: -3/36      AC:  4    Str:  4    XL:     8   Next: 76%
Magic:  12/22      EV: 23    Int: 19    God:    Dithmenos [......]
Gold:   34         SH:  0    Dex: 16    Spells: 3/12 levels left

rFire    + . .     SeeInvis +   a - +2 dagger
rCold    + + .     Faith    .   (shield restricted)
rNeg     . . .     Spirit   .   x - +1 robe {rC+ rF+}
rPois    .         Reflect  .   s - +1 hat
rElec    .         Harm     .   (no cloak)
rCorr    .         Rampage  .   (gloves unavailable)
Will     ++...                  (boots unavailable)
Stlth    +++++.....             (no amulet)
HPRegen  0.12/turn              y - ring of Vuoli {rC+ Will+}
MPRegen  0.18/turn              k - ring of magical power

@: very quick
A: very small, unfitting armour, see invisible, speed 3
a: Renounce Religion


You were on level 6 of the Dungeon.
You worshipped Dithmenos.
Dithmenos was noncommittal.
You visited 2 branches of the dungeon, and saw 7 of its levels.
You also visited: Sewer.

You collected 302 gold pieces.
You spent 268 gold pieces at shops.

Inventory:

Hand Weapons
 a - a +2 dagger (weapon)
Armour
 b - a +0 robe
 s - a +1 hat (worn)
 x - a +1 robe of resistance (worn)
Jewellery
 j - an uncursed ring of fire
 k - a ring of magical power (right hand)
 q - an uncursed ring of fire
 t - an uncursed ring of fire
 u - an uncursed ring of positive energy
 y - the ring of Vuoli (left hand) {rC+ Will+}
   (You found it on level 5 of the Dungeon)

   [ring of protection from cold]

   It protects you from cold.
   It affects your willpower, your defense against some magical effects.
Wands
 o - a wand of polymorph (19)
 A - a wand of enslavement (10)
Scrolls
 e - 13 scrolls of teleportation
 m - a scroll of remove curse
 w - 3 scrolls of enchant weapon
Potions
 d - 2 potions of mutation
 f - 5 potions of lignification
 g - 2 potions of flight
 h - 5 potions of attraction
 i - 3 potions of heal wounds
 l - 7 potions of might
 n - a potion of invisibility
 p - 2 potions of haste
 r - 2 potions of magic
 z - a potion of ambrosia
 B - a potion of cancellation {unknown}


   Skills:
 - Level 1.1 Short Blades
 + Level 7.7 Dodging
 * Level 11.6 Stealth
 - Level 2.6 Spellcasting
 * Level 9.3 Hexes


You had 3 spell levels left.
You knew the following spells:

 Your Spells              Type           Power        Failure   Level
e - Tukima's Dance        Hex            38%          1%          3
q - Ensorcelled Hibernat  Hex/Ice        40%          3%          2
r - Corona                Hex            42%          1%          1
w - Confusing Touch       Hex            38%          1%          3

Your spell library contained the following spells:

 Spells                   Type           Power        Failure   Level
 Dazzling Flash           Conj/Hex       40%          7%          3


Dungeon Overview and Level Annotations

Branches:
Dungeon (6/15)             Temple (1/1) D:5           Sewer (visited)

Altars:
Ashenzari
Dithmenos
Fedhas
Gozag
Hepliaklqana
Kikubaaqudgha
Okawaru
Qazlal
Ru
Trog
Uskayaw
Vehumet
Wu Jian
Xom
Yredelemnul
Zin
The Shining One

Shops:
D:5 :*}(   D:6 *(!

Annotations:
D:2 exclusion: downstairs


Innate Abilities, Weirdness & Mutations

You are very small and have problems with some larger weapons.
You are too small for most types of armour.
You have supernaturally acute eyesight. (SInv)
You cover ground extremely quickly.


Message History

Aim: an orc priest, wielding a +0 hand axe and wearing a +0 chain mail (chance to affect: 50%)
The orc priest looks drowsy...
Your magical contamination has completely faded away.
The helpless orc priest fails to defend itself.
You stick the orc priest like a pincushion!!!
You kill the orc priest!
Dithmenos accepts your kill.
A centaur comes into view. It is wielding a staff of fire.
A centaur is nearby!
A centaur is nearby!
Casting: Ensorcelled Hibernation (safe; 3% risk of failure)
Confirm with . or Enter, or press ? or * to list all spells.
Aiming: Ensorcelled Hibernation (safe; 3% risk of failure)
Press: ? - help, Shift-Dir - straight line, f - centaur
Aim: a centaur, wielding a staff of fire and quivering 24 arrows (wandering, hasn't noticed you, chance to affect: 50%)
The centaur resists with some effort.
The centaur wields a +0 shortbow.
The centaur shoots an arrow.
The arrow hits you.
* * * LOW HITPOINT WARNING * * *
The centaur shoots an arrow.
The arrow hits you!
You die...

##### .#.. #...# ....#
.... #...# .....# #....
#...# #.....# #....##
#...# #.....# ##.....
#...# #####.... #......
#...###......## #.
#......##@........P...###.
.......c).......P∩....'.#.
.......##.............###.
.###... #######.....### #.
#... ####.## #. #...
######.######. ....
.............#. ##.##
############... #.
#######...


You could see a centaur.

Vanquished Creatures
  Grinder (D:3)
  Menkaure (D:4)
  An ice beast (D:6)
  An ogre (D:4)
  2 centaurs
  Blork the orc (D:4)
  3 scorpions
  3 vampire bats (D:2)
  A hound (D:4)
  2 orc priests (D:6)
  2 iguanas
  3 worker ants
  A hound skeleton (D:4)
  Robin (D:3)
  3 gnolls
  8 adders
  A shadow imp (D:5)
  A white imp (D:6)
  6 oozes
  An ufetubus (D:5)
  3 adder skeletons
  8 worms
  3 dart slugs
  5 leopard geckos
  12 orcs
  4 bat skeletons (D:2)
  3 bat zombies (D:2)
  6 giant cockroaches
  11 goblins
  15 hobgoblins
  8 jackals
  A quokka (D:3)
  4 ball pythons
  12 bats
  6 frilled lizards
  A jackal skeleton (D:5)
  11 kobolds
  9 rats
165 creatures vanquished.

Vanquished Creatures (collateral kills)
  Sigmund (D:3)
  Edmund (D:6)
2 creatures vanquished.

Vanquished Creatures (others)
  A fungus (D:1)
  6 plants
7 creatures vanquished.

Grand Total: 174 creatures vanquished

Notes
Turn   | Place    | Note
-------+----------+-------------------------------------------
     0 | D:1      | teolandon225 the Spriggan Enchanter began the quest for the
                  | Orb.
     0 | D:1      | Reached XP level 1. HP: 9/9 MP: 5/5
   412 | D:1      | Reached XP level 2. HP: 8/13 MP: 4/6
   419 | D:1      | Learned a level 2 spell: Ensorcelled Hibernation
   633 | D:1      | Reached skill level 5 in Stealth
  1446 | D:2      | Reached XP level 3. HP: 16/16 MP: 8/8
  1538 | D:2      | Noticed a scorpion
  1545 | D:2      | Killed a scorpion
  1546 | D:2      | Reached skill level 6 in Stealth
  1546 | D:2      | Reached skill level 5 in Hexes
  1546 | D:2      | Reached XP level 4. HP: 21/21 MP: 1/9
  1550 | D:2      | Learned a level 3 spell: Confusing Touch
  2241 | D:2      | Found a shimmering altar of Xom.
  2241 | D:2      | Found a shimmering altar of Xom.
  2242 | D:2      | Found a shimmering altar of Xom.
  2242 | D:2      | Found a shimmering altar of Xom.
  2242 | D:2      | Found a shimmering altar of Xom.
  2556 | D:2      | Reached XP level 5. HP: 24/24 MP: 7/10
  2802 | D:2      | Found a bloodstained altar of Trog.
  2949 | D:2      | Found an ancient bone altar of Kikubaaqudgha.
  3337 | D:2      | Reached skill level 7 in Stealth
  3357 | D:2      | Reached XP level 6. HP: 26/28 MP: 2/11
  4041 | D:3      | Found a glowing drain.
  4054 | Sewer    | Entered a sewer
  4647 | Sewer    | Reached skill level 5 in Dodging
  5699 | D:3      | Noticed Robin
  5927 | D:3      | Noticed Sigmund
  5983 | D:2      | Learned a level 3 spell: Tukima's Dance
  6018 | D:3      | Found a blossoming altar of Fedhas.
  6040 | D:3      | Reached skill level 8 in Stealth
  6212 | D:3      | Killed Sigmund
  6925 | D:3      | Reached XP level 7. HP: 32/32 MP: 12/12
  7222 | D:3      | Killed Robin
  7287 | D:3      | Noticed Grinder
  7324 | D:3      | Killed Grinder
  7325 | D:3      | Reached skill level 9 in Stealth
  8055 | D:4      | Found a hide-covered altar of Uskayaw.
  8059 | D:4      | Noticed a +0 dagger
  8060 | D:4      | Noticed a +0 hand axe
  8097 | D:4      | Noticed Blork the orc
  8104 | D:4      | Killed Blork the orc
  8219 | D:4      | Found a radiant altar of Vehumet.
  8331 | D:4      | Reached skill level 10 in Stealth
  8382 | D:4      | Reached XP level 8. HP: 36/36 MP: 13/13
  8588 | D:4      | Noticed Menkaure
  8601 | D:4      | Killed Menkaure
  8696 | D:5      | Entered Level 5 of the Dungeon
  8701 | D:5      | Found a staircase to the Ecumenical Temple.
  8723 | Temple   | Entered the Ecumenical Temple
  8794 | Temple   | Became a worshipper of Dithmenos the Shadowed
  8847 | D:5      | Found Kodiycoh's Gadget Shop.
  9258 | D:5      | Found Lashraom's Book Shoppe.
  9392 | D:5      | Found a glowing silver altar of Zin.
  9497 | D:5      | Found Xosaic's Antique Weapon Emporium.
  9673 | D:5      | Got a clouded wooden ring
  9695 | D:5      | Identified the ring of Vuoli {rC+ Will+} (You found it on
                  | level 5 of the Dungeon)
  9778 | D:5      | Reached skill level 11 in Stealth
  9881 | D:5      | Found Dizorch's Assorted Antiques.
  9888 | D:5      | Bought a scroll of teleportation for 54 gold pieces
  9888 | D:5      | Bought a scroll of teleportation for 54 gold pieces
  9888 | D:5      | Bought a scroll of teleportation for 54 gold pieces
  9888 | D:5      | Bought a metallic red potion for 16 gold pieces
 10019 | D:6      | Noticed Edmund
 10020 | D:6      | Found Yfeqau's Antique Weapon Boutique.
 10228 | D:6      | Found Solap's Distillery.
 10250 | D:6      | Killed Edmund
 10681 | D:6      | Found Iwnaots's Assorted Antiques.
 10693 | D:6      | Bought a fuming inky potion for 21 gold pieces
 10693 | D:6      | Bought a scroll of identify for 48 gold pieces
 10693 | D:6      | Bought a silvery potion for 21 gold pieces
 10787 | D:6      | Shot with an arrow by a centaur

Illustrated notes

Levels and vault maps discovered:
D:1:      wander_arrival_fairy_ring, layout_basic, st_stairs_6
D:2:      layout_basic, xom_redecorated, kennysheep_vampire_church,
          trog_three_pillars_becter
D:3:      layout_basic, nicolae_overflow_crystal_walls, portal_sewer_entry_d,
          palyth_stone_intersect, uniq_sigmund, uniq_grinder, uniq_robin
D:4:      layout_basic, lemuel_doored_altar, dancing_weapons_uskayaw,
          uniq_menkaure, uniq_blork_the_orc
D:5:      layout_basic, zin_treasury, temple_fountains, serial_shops, shop,
          nicolae_shop_behind_doors, nicolae_shop_trees, shop
D:6:      minmay_recursive_quarters, layout_basic, lemuel_blue_sif_altar,
          kennysheep_little_box, serial_curves, eino_curves_03, eino_curves_03,
          serial_shops, nicolae_shop_window_shopping, nicolae_shop_stone,
          nicolae_shop_overgrown_old_shop, shop, uniq_eustachio, uniq_edmund
Temple:   jpeg_temple_alley_garden

Skill      XL: |  1  2  3  4  5  6  7  8 |
---------------+-------------------------+-----
Hexes          | 4 5 6 7 9 |  9.3
Stealth        | 5 6 7 8 10 11 | 11.6
Dodging        | 4 5 6 7 |  7.7
Short Blades   | |  1.1
Spellcasting   | |  2.6

Action                   |  1- 3 |  4- 6 |  7- 9 || total
-------------------------+-------+-------+-------++-------
Melee: Dagger            |    76 |   226 |   100 ||   402
 Cast: Corona            |     8 |     2 |       ||    10
       Ensorcelled Hiber |    22 |   105 |    50 ||   177
       Confusing Touch   |       |    10 |     9 ||    19
       Tukima's Dance    |       |     1 |     2 ||     3
  Use: Scroll            |       |     7 |    12 ||    19
       Potion            |       |     4 |       ||     4
 Stab: Sleeping          |    14 |    74 |    43 ||   131
       Confused          |       |     3 |    10 ||    13
Armor: Robe              |    12 |    41 |     6 ||    59
Dodge: Dodged            |    94 |   350 |    61 ||   505
